 Dungeon Crawl Stone Soup version 0.17-a0-1176-g3d5a0d0 (webtiles) character file.

1975 nubinia the Conjurer (level 9, -1/41 HPs)
             Began as a Vine Stalker Conjurer on May 30, 2015.
             Was a High Priest of Zin.
             Slain by a wolf (9 damage)
             ... led by Grum
             ... on level 8 of the Dungeon.
             The game lasted 00:42:55 (8718 turns).

nubinia the Conjurer (Vine Stalker Conjurer)        Turns: 8718, Time: 00:42:55

Health: -1/41      AC:  6    Str: 10    XL:     9   Next: 20%
Magic:  0/17       EV: 14    Int: 18    God:    Zin [*****.]
Gold:   463        SH:  0    Dex: 16    Spells: 3 memorised, 9 levels left

rFire  . . .     SeeInvis .     n - +7 club
rCold  . . .     Clarity  .     a - +1 robe
rNeg   . . .     SustAt   .     (no shield)
rPois  .         Gourm    .     o - +1 helmet
rElec  .         Spirit   +     (no cloak)
rCorr  .         Warding  .     C - +0 pair of gloves
rMut   +         Stasis   .     (no boots)
MR     +....                    l - amulet of resist mutation
Stlth  ++........               (no ring)
                                t - ring of loudness (curse)

@: short of breath, somewhat resistant to hostile enchantments, unstealthy
A: fangs 3, regeneration 2, magic shield, antimagic bite, no device heal 3, rot
immunity
a: Recite, Vitalisation, Imprison, Sanctuary, Renounce Religion


You were on level 8 of the Dungeon.
You worshipped Zin.
Zin was extremely pleased with you.
You were hungry.

You visited 2 branches of the dungeon, and saw 9 of its levels.
You also visited: Sewer.

You collected 514 gold pieces.
You donated 51 gold pieces to Zin.

Inventory:

Hand weapons
 g - a +1 mace
 m - a +0 hunting sling
 n - a +7 club (weapon)
 p - a +0 blowgun
 A - a cursed +2 mace
Missiles
 e - 4 needles of confusion
 q - 8 poisoned needles
 E - 177 stones (quivered)
Armour
 a - a +1 robe (worn)
 o - a +1 helmet (worn)
 C - a +0 pair of gloves (worn)
Magical staves
 y - an uncursed staff of earth {unknown}
Jewellery
 l - an amulet of resist mutation (around neck)
 t - a cursed ring of loudness (left hand)
Magical devices
 d - a wand of paralysis (10)
 w - a wand of frost (26)
Scrolls
 f - a scroll of recharging
 j - 3 scrolls of magic mapping
 k - a scroll of enchant weapon
 r - 2 scrolls of enchant armour
 s - 3 scrolls of amnesia
 x - a scroll of immolation
 G - 3 scrolls of blinking
Potions
 h - a potion of invisibility {unknown}
 i - a potion of lignification
 u - 2 potions of curing
 v - a potion of flight {unknown}
 B - a potion of cancellation {unknown}
 D - a potion of haste {unknown}
 F - a potion of brilliance
 I - a potion of degeneration
Books
 b - a book of Conjurations

   Spells                             Type                      Level
   a - Magic Dart                     Conjuration                  1
   b - Searing Ray                    Conjuration                  2
   c - Dazzling Spray                 Conjuration/Hexes            3
   d - Fulminant Prism                Conjuration/Hexes            4
   e - Iskenderun's Mystic Blast      Conjuration                  4
   f - Iskenderun's Battlesphere      Conjuration/Charms           5
 z - a book of Summonings

   Spells                             Type                      Level
   a - Recall                         Summoning/Translocation      3
   b - Aura of Abjuration             Summoning                    5
   c - Shadow Creatures               Summoning                    5
   d - Summon Demon                   Summoning                    5
   e - Summon Forest                  Summoning/Translocation      5
   f - Summon Mana Viper              Hexes/Summoning              5
Comestibles
 c - 3 bread rations


   Skills:
 + Level 1.4 Fighting
 + Level 1.0 Maces & Flails
 - Level 0.1 Slings
 + Level 3.5 Dodging
 + Level 4.6 Stealth
 + Level 5.3 Spellcasting
 + Level 6.6 Conjurations
 * Level 4.3 Hexes
 * Level 4.4 Charms
 + Level 3.1 Invocations


You had 9 spell levels left.
You knew the following spells:

 Your Spells              Type           Power        Failure   Level  Hunger
a - Magic Dart            Conj           ####         1%          1    None
b - Dazzling Spray        Conj/Hex       ###.....     4%          3    ##.....
c - Iskenderun's Battles  Conj/Chrm      ###.....     41%         5    ######.


Dungeon Overview and Level Annotations

Branches:
Dungeon (8/15)             Temple (1/1) D:7
   Lair: D:8-11

Altars:
Ashenzari
Cheibriados
Dithmenos
Elyvilon
Nemelex Xobeh
Trog
Vehumet
Xom
Zin
The Shining One
Beogh

Annotations:
D:3 Crazy Yiuf
D:4 Eustachio
D:6 1 exclusion, Blork the orc
D:7 exclusions: 2 doors and ogre, Dowan, Duvessa


Innate Abilities, Weirdness & Mutations

You have razor-sharp teeth.
You heal very quickly.
When hurt, damage is shared between your health and your magic reserves.
Your bite disrupts and absorbs the magic of your enemies.
Potions and wands cannot restore your health.
You are immune to rotting.


Message History

You closely miss Grum.
Grum is severely wounded.
Grum hits you with a spear!
You hit Grum but do no damage. You bite Grum! You drain his power.
You feel invigorated.
Grum is severely wounded.
Grum misses you.
The wolf barks!
You hit Grum. Your bite misses Grum.
Grum is almost dead.
Grum is no longer blind.
Grum hits you with a spear! Grum hits you with a spear.
* * * LOW HITPOINT WARNING * * *
You sock Grum!
You kill Grum!
The wolf bites you but does no damage. The wolf bites you.
* * * LOW HITPOINT WARNING * * *
You hit the wolf but do no damage. Your bite misses the wolf.
The wolf bites you!
You die...

#[# #..
#.# #.#
###.#
#...#
#.#)#
#h#.#
#@#.#
#.#.#
#.#..
#.###
#######
#.#
#......
#.#
#.#####
#.# #.#
#.# #.#
# #.#
.. #.#
#


You could see a wolf.

Vanquished Creatures
  Grum (D:8)
  A hippogriff (D:7)
  A hungry ghost (D:7)
  A wolf (D:7)
  A necrophage (D:8)
  2 ice beasts
  An eye of draining (D:8)
  A phantom (D:8)
  3 giant frogs
  A scorpion (D:7)
  3 wights
  A centaur zombie (D:5)
  2 hounds
  2 jellies
  4 worker ants
  A centaur skeleton (D:8)
  An orc priest (D:3)
  An orc wizard (D:3)
  A gnoll (D:8)
  Robin (D:2)
  2 shadow imps (D:5)
  8 adders
  13 oozes
  2 worms
  14 giant geckos
  5 orcs
  15 giant cockroaches
  13 goblins
  16 hobgoblins
  2 quokkas
  8 ball pythons
  11 bats
  10 giant newts
  13 kobolds
  12 rats
174 creatures vanquished.

Notes
Turn   | Place    | Note
--------------------------------------------------------------
     0 | D:1      | nubinia the Vine Stalker Conjurer began the quest for the Orb.
     0 | D:1      | Reached XP level 1. HP: 9/9 MP: 4/4
   324 | D:1      | Reached XP level 2. HP: 13/13 MP: 0/6
  1022 | D:2      | Found a white marble altar of Elyvilon.
  1022 | D:2      | Found a glowing silver altar of Zin.
  1022 | D:2      | Found a glowing golden altar of the Shining One.
  1025 | D:2      | Became a worshipper of Zin the Law-Giver
  1036 | D:2      | Reached XP level 3. HP: 16/16 MP: 4/7
  1041 | D:2      | Learned a level 3 spell: Dazzling Spray
  1152 | D:2      | Acquired Zin's first power
  1299 | D:2      | Found a radiant altar of Vehumet.
  1299 | D:2      | Found a shadowy altar of Dithmenos.
  1659 | D:2      | Noticed Robin
  1730 | D:2      | Killed Robin
  1730 | D:2      | Reached skill level 5 in Conjurations
  1730 | D:2      | Reached XP level 4. HP: 18/21 MP: 6/8
  2199 | D:3      | Acquired Zin's second power
  2313 | D:3      | Found a sparkling altar of Nemelex Xobeh.
  2313 | D:3      | Found a shimmering altar of Xom.
  2313 | D:3      | Found a snail-covered altar of Cheibriados.
  2428 | D:3      | Found a roughly hewn altar of Beogh.
  2429 | D:3      | Reached XP level 5. HP: 25/25 MP: 9/9
  2439 | D:3      | Reached skill level 1 in Invocations
  2448 | D:3      | Reached skill level 1 in Fighting
  2516 | D:3      | Acquired Zin's third power
  2613 | D:3      | Noticed Crazy Yiuf
  2714 | D:4      | Found a glowing drain.
  2719 | Sewer    | Entered a sewer
  2750 | Sewer    | Learned a level 5 spell: Iskenderun's Battlesphere
  3201 | Sewer    | Gained mutation: You heal very quickly. [Vine Stalker growth]
  3201 | Sewer    | Reached XP level 6. HP: 27/30 MP: 3/11
  3268 | Sewer    | Reached skill level 1 in Hexes
  3518 | Sewer    | Reached skill level 1 in Charms
  4072 | D:4      | Reached XP level 7. HP: 29/33 MP: 2/12
  4264 | D:4      | Noticed Eustachio
  4599 | D:5      | Entered Level 5 of the Dungeon
  4902 | D:6      | Found a shattered altar of Ashenzari.
  5018 | D:6      | Noticed Blork the orc
  5109 | D:6      | Found a bloodstained altar of Trog.
  6704 | D:5      | Gained mutation: You have razor-sharp teeth. [Vine Stalker growth]
  6704 | D:5      | Reached XP level 8. HP: 30/37 MP: 0/15
  6742 | D:5      | Found a sparkling altar of Nemelex Xobeh.
  7410 | D:7      | Acquired Zin's fourth power
  7622 | D:7      | Found a staircase to the Ecumenical Temple.
  7687 | D:7      | Reached skill level 6 in Conjurations
  7811 | D:7      | Noticed Duvessa
  7811 | D:7      | Noticed Dowan
  7997 | Temple   | Entered the Ecumenical Temple
  8283 | D:8      | Noticed Grum
  8402 | D:8      | Reached skill level 5 in Spellcasting
  8532 | D:8      | Reached XP level 9. HP: 33/41 MP: 11/17
  8545 | D:8      | Reached skill level 1 in Maces & Flails
  8717 | D:8      | Killed Grum
  8718 | D:8      | Slain by a wolf

Vault maps used:
D:1:      minmay_arrival_plants_in_alcoves
D:2:      good_gods_mini_temple, grunt_temple_overflow_open, uniq_robin
D:3:      gammafunk_temple_overflow_forgotten, st_stairs_11,
          kennysheep_orc_chapel, uniq_crazy_yiuf_cottage
D:4:      first_bread, portal_sewer_entry_e, uniq_eustachio
D:5:      nemelex_xobeh_ov_fountains_minmay
D:6:      kennysheep_mini, lemuel_crystal_altar, uniq_blork_the_orc
D:7:      lemuel_temple_firewalk_marked, grunt_ogre_cave, uniq_duvessa
D:8:      david_lair_generic, special_room, kennysheep_kite_vault, uniq_joseph,
          uniq_grum
Temple:   cyrus_temple_forest_13
Sewer:    sewer_frog_island_02

Action                   |  1- 3 |  4- 6 |  7- 9 || total
-------------------------+-------+-------+-------++-------
Melee: Unarmed           |     6 |       |       ||     6
       Mace              |    36 |    16 |       ||    52
       Club              |       |   111 |    55 ||   166
 Fire: Hunting sling     |       |       |    12 ||    12
 Cast: Magic Dart        |    61 |   111 |   159 ||   331
       Dazzling Spray    |     1 |     5 |    32 ||    38
Invok: Recite            |     1 |     1 |     8 ||    10
  Use: Scroll            |     7 |     4 |     5 ||    16
       Potion            |     2 |     3 |     1 ||     6
 Stab: Sleeping          |       |     8 |     1 ||     9
       Invisible         |       |     3 |     1 ||     4
  Eat: Chunk             |     2 |     8 |     7 ||    17
       Pizza             |       |     1 |       ||     1
       Bread ration      |       |       |     1 ||     1
       Meat ration       |       |       |     1 ||     1
       Beef jerky        |       |       |     1 ||     1
